[Event "Titled Tuesday Blitz May 10 Late 2022"]
[White "Petrova, Irina"]
[Black "Joubert, Dantelle"]
[WhiteFideId "14124122"]
[BlackFideId "14310813"]
[WhiteElo "1993"]
[BlackElo "1507"]
[Result "1-0"]
[Round "06"]
[TimeControl "180+1"]
[Date "2022.05.11"]
[WhiteClock "0:00:12"]
[BlackClock "0:00:01"]

1. e4 c5 2. Nf3 g6 3. c3 Bg7 4. d4 cxd4 5. cxd4 d5 6. e5 Nc6 7. h3 Nh6 8. Nc3 O-O 9. Be2 f6 10. exf6 exf6 11. O-O Nf5 12. g4 Nfe7 13. Bf4 Be6 14. Nb5 Rc8 15. Re1 Qd7 16. Bf1 g5 17. Bg3 Ng6 18. Bg2 h6 19. Nd2 f5 20. Nb3 b6 21. Nc7 Bf7 22. gxf5 Qxf5 23. Nb5 Nf4 24. Nd6 Qg6 25. Nxc8 Rxc8 26. Rc1 Rf8 27. Bxf4 gxf4 28. Qg4 Qf6 29. Bf3 Kh8 30. Kh1 Rg8 31. Rg1 h5 32. Qd7 1-0


[Site "https://www.chess.com"]

[Event "Titled Tuesday Blitz May 10 Late 2022"]
[White "Pinheiro, Iung Alicio de O."]
[Black "Blackman, Justin"]
[WhiteFideId "2104350"]
[BlackFideId "11100516"]
[WhiteElo "2283"]
[BlackElo "2112"]
[Result "1-0"]
[Round "06"]
[TimeControl "180+1"]
[Date "2022.05.11"]
[WhiteClock "0:00:18"]
[BlackClock "0:00:01"]

1. c4 e5 2. g3 Nc6 3. Bg2 Bc5 4. a3 d6 5. e3 Nge7 6. Nc3 a6 7. Nge2 Nf5 8. b4 Ba7 9. Bb2 O-O 10. O-O Be6 11. Nd5 Rb8 12. Rc1 Qd7 13. f4 Nfe7 14. Kh1 b5 15. Nxe7+ Nxe7 16. cxb5 exf4 17. Nxf4 axb5 18. Qc2 c5 19. Nh5 f6 20. Be4 f5 21. Bg2 Rf7 22. g4 Rbf8 23. g5 Bd5 24. Qc3 Bxg2+ 25. Kxg2 Nd5 26. Qd3 Qe6 27. Nf4 1-0


[Site "https://www.chess.com"]

[Event "Titled Tuesday Blitz May 10 Late 2022"]
[White "Postny, Evgeny"]
[Black "Kruckenhauser, Arthur"]
[WhiteFideId "2804344"]
[BlackFideId "1642812"]
[WhiteElo "2500"]
[BlackElo "2243"]
[Result "0-1"]
[Round "06"]
[TimeControl "180+1"]
[Date "2022.05.10"]
[WhiteClock "0:00:08"]
[BlackClock "0:00:23"]

1. e4 e5 2. Nf3 Nc6 3. Bc4 Bc5 4. d3 Nf6 5. O-O d6 6. Bg5 a6 7. a3 Ba7 8. Nbd2 h6 9. Bh4 g5 10. Bg3 Bg4 11. h3 Be6 12. Re1 Qd7 13. Bxe6 fxe6 14. b4 O-O-O 15. a4 g4 16. hxg4 Rhg8 17. b5 Nb8 18. Nc4 Rxg4 19. Kf1 Nh5 20. Bh2 Rf8 21. b6 Bxb6 22. Nxb6+ cxb6 23. Nxe5 dxe5 24. Qxg4 Nf4 25. Bxf4 Rxf4 26. Qg8+ Kc7 27. Ra3 Nc6 28. Re3 Qe7 29. Rc3 Rf8 30. Qg3 Kb8 31. Rxc6 bxc6 32. Qxe5+ Ka8 33. Rh3 Qb4 34. Qa1 Qd2 35. Rf3 Rxf3 36. gxf3 Qxc2 37. Qh8+ Kb7 38. Qg7+ Kc8 39. Qf8+ Kd7 40. Qf7+ Kd6 41. Qf8+ Kd7 42. Qg7+ Kd6 43. Qd4+ Kc7 44. Kg2 c5 45. Qe5+ Kd7 46. Qg7+ Kd6 47. Qf8+ Ke5 48. Qh8+ Kd6 49. Qb8+ Kc6 50. Qc8+ Kd6 51. Qxa6 Kc7 52. Qa7+ Kc6 53. Qa8+ Kd6 54. Qd8+ Kc6 55. f4 Qd1 56. Qe8+ Kd6 57. Qd8+ Kc6 58. Qc8+ Kd6 59. e5+ Ke7 60. Qc7+ Ke8 61. Qc6+ Ke7 62. Qd6+ Kf7 63. Qd7+ Kf8 64. Qd8+ Kg7 65. Qf6+ Kh7 66. Qxe6 Qxd3 67. Qf7+ Kh8 68. f5 Qe4+ 69. Kh3 Qf3+ 70. Kh4 Qf4+ 71. Kh3 Qf3+ 72. Kh2 Qxf2+ 73. Kh1 Qf3+ 74. Kh2 Qf2+ 75. Kh1 Qe1+ 76. Kh2 Qxe5+ 77. Kh3 Qe3+ 78. Kg4 Qg5+ 79. Kf3 Qg7 80. Qe8+ Kh7 81. Qe4 Qc3+ 82. Kg4 Qb4 83. Kf4 Qxe4+ 84. Kxe4 Kg7 85. Kd5 Kf6 86. Kc6 c4 87. Kxb6 c3 88. a5 c2 89. a6 c1=Q 90. a7 Qc8 91. a8=Q Qxa8 0-1


[Site "https://www.chess.com"]

[Event "Titled Tuesday Blitz May 10 Late 2022"]
[White "Pranav, V"]
[Black "Izzat, Kanan"]
[WhiteFideId "25060783"]
[BlackFideId "13405209"]
[WhiteElo "2349"]
[BlackElo "2362"]
[Result "0-1"]
[Round "06"]
[TimeControl "180+1"]
[Date "2022.05.10"]
[WhiteClock "0:00:18"]
[BlackClock "0:00:54"]

1. e4 e5 2. Nf3 Nf6 3. Nc3 Nc6 4. g3 d5 5. exd5 Nxd5 6. Bg2 Nxc3 7. bxc3 Bd6 8. d3 O-O 9. O-O h6 10. Re1 Rb8 11. Nd2 Be6 12. a4 Qd7 13. Ne4 Rfe8 14. Bxh6 f5 15. Nxd6 cxd6 16. Be3 Qf7 17. Bd2 Bd5 18. Bxd5 Qxd5 19. Qh5 Rf8 20. c4 Qe6 21. Bc3 Rf6 22. f4 Re8 23. Re2 Rh6 24. Qf3 e4 25. Qf2 Qf7 26. Rae1 Rhe6 27. Re3 exd3 28. cxd3 d5 29. Rxe6 Rxe6 30. Rxe6 Qxe6 31. Qc5 d4 32. Bxd4 b6 33. Qd5 Qxd5 34. cxd5 Nxd4 35. Kf2 Kf7 36. h3 Nb3 37. Ke3 Ke7 38. g4 Nc5 39. g5 Nxa4 40. h4 Kd6 41. Kd4 Nc5 42. h5 Nd7 43. Kc4 a6 44. Kb4 Kxd5 0-1


[Site "https://www.chess.com"]

[Event "Titled Tuesday Blitz May 10 Late 2022"]
[White "Przybylski, Wojciech"]
[Black "Kanyamarala, Tarun"]
[WhiteFideId "1117599"]
[BlackFideId "45004714"]
[WhiteElo "2133"]
[BlackElo "2219"]
[Result "1-0"]
[Round "06"]
[TimeControl "180+1"]
[Date "2022.05.11"]
[WhiteClock "0:01:22"]
[BlackClock "0:00:52"]

1. e4 d6 2. d4 Nf6 3. Bd3 e5 4. Ne2 exd4 5. Nxd4 Be7 6. O-O O-O 7. Re1 c6 8. c4 Na6 9. Nc3 Nc5 10. Bc2 a5 11. h3 Re8 12. b3 Bf8 13. Bb2 g6 14. Qd2 Bg7 15. Rad1 Qc7 16. Nf3 Be6 17. Qxd6 Qxd6 18. Rxd6 Nfxe4 19. Bxe4 Nxe4 20. Rxe4 b5 21. cxb5 cxb5 22. Nd1 Bf8 23. Rd2 a4 24. Nd4 axb3 25. axb3 Bd5 26. Rxe8 Rxe8 27. Ne3 Be4 28. Nxb5 Rb8 29. Nd4 Bb4 30. Rd1 f5 31. f3 Ba8 32. f4 Re8 33. Nc4 Bc5 34. Kf1 Re4 35. g3 g5 36. Re1 gxf4 37. Rxe4 fxe4 38. gxf4 Kf7 39. Ne5+ Ke8 40. Ne6 Be3 41. Ke2 Ba7 1-0


[Site "https://www.chess.com"]

[Event "Titled Tuesday Blitz May 10 Late 2022"]
[White "Radovanovic, Mihajlo"]
[Black "Al-Tarboush, Ward"]
[WhiteFideId "940313"]
[BlackFideId "7601450"]
[WhiteElo "2700"]
[BlackElo "2555"]
[Result "0-1"]
[Round "06"]
[TimeControl "180+1"]
[Date "2022.05.11"]
[WhiteClock "0:00:21"]
[BlackClock "0:02:00"]

1. e4 e6 2. d4 d5 3. Nc3 Nf6 4. e5 Nfd7 5. f4 c5 6. Nf3 Nc6 7. Be3 a6 8. Qd2 b5 9. O-O-O b4 10. Ne2 c4 11. c3 bxc3 12. Nxc3 Bb4 13. a3 Na5 14. Kb1 Nb3 15. Qc2 a5 16. Nd2 Nxd2+ 17. Bxd2 Qb6 18. Ka1 Qxd4 19. Nb5 Qb6 20. Bxb4 axb4 21. Nd6+ Ke7 22. Rb1 Nc5 23. Be2 Nb3+ 24. Ka2 Nd4 25. Qd2 b3+ 0-1


[Site "https://www.chess.com"]

[Event "Titled Tuesday Blitz May 10 Late 2022"]
[White "Ramirez Vido, Robert Yorisan"]
[Black "Bongo Akanga Ndjila, Barthelemy"]
[WhiteFideId "3513823"]
[BlackFideId "10609431"]
[WhiteElo "2352"]
[BlackElo "1768"]
[Result "1-0"]
[Round "06"]
[TimeControl "180+1"]
[Date "2022.05.11"]
[WhiteClock "0:00:13"]
[BlackClock "0:00:01"]

1. Nf3 d5 2. g3 e6 3. Bg2 Nf6 4. O-O Bd6 5. d3 c6 6. Nbd2 O-O 7. e4 Nbd7 8. Re1 Qc7 9. c3 b6 10. Qc2 Bb7 11. d4 dxe4 12. Nxe4 Nxe4 13. Qxe4 c5 14. Qh4 cxd4 15. Nxd4 Bxg2 16. Kxg2 Ne5 17. Qe4 Ng6 18. h4 Ne7 19. h5 h6 20. Qg4 Kh7 21. Kg1 a6 22. Rxe6 fxe6 23. Nxe6 Nf5 24. Nxc7 Bxc7 25. Bf4 Bxf4 26. Qxf4 Rad8 27. Re1 Rf7 28. Qe4 Kh8 29. Qe6 Re7 30. Qxf5 Rxe1+ 31. Kg2 Re7 32. Qg6 Rb8 33. Qd6 Rbb7 34. c4 a5 35. a3 Red7 36. Qc6 Rdc7 37. Qe8+ Kh7 38. Qe4+ Kg8 39. b4 Re7 40. Qd5+ Kf8 41. bxa5 bxa5 42. Qxa5 Ra7 43. Qd8+ Kf7 44. Qd5+ Kf8 45. Qd6 Rd7 46. Qb4 Kf7 47. c5 Rb7 48. Qc4+ Kf8 49. a4 Rbc7 50. a5 Ke8 51. c6 Kf8 52. a6 Rf7 53. Qc5+ Ke8 54. Qe5+ Rfe7 55. Qb5 Kf7 56. Qb7 Kf6 57. a7 Rxb7 58. cxb7 Rxb7 59. a8=Q Rf7 60. Qe4 Re7 61. Qg6+ Ke5 62. f4+ Kd5 63. Qd3+ Ke6 64. Qe4+ Kf7 65. Qd5+ Kf8 66. f5 Rf7 67. g4 Ke8 68. Kg3 Rf6 69. Kf4 1-0


[Site "https://www.chess.com"]

[Event "Titled Tuesday Blitz May 10 Late 2022"]
[White "RestartingChess"]
[Black "Wieczorek, Oskar"]
[BlackFideId "1133950"]
[WhiteElo "2490"]
[BlackElo "2330"]
[Result "1-0"]
[Round "06"]
[TimeControl "180+1"]
[Date "2022.05.11"]
[WhiteClock "0:00:24"]
[BlackClock "0:00:05"]

1. e4 c5 2. Nf3 e6 3. c3 Nf6 4. e5 Nd5 5. d4 cxd4 6. cxd4 b6 7. Nc3 Nxc3 8. bxc3 Bb7 9. Bd3 Qc7 10. Bd2 d6 11. O-O Nd7 12. Re1 dxe5 13. Nxe5 Nxe5 14. Rxe5 Bd6 15. Rh5 g6 16. Rh3 h5 17. Bg5 Be7 18. Qd2 Rc8 19. Bf4 Bd6 20. Bg5 Be7 21. Bf4 Qc6 22. Rg3 Bh4 23. Qe2 a6 24. Rf3 O-O 25. Bh6 Qxc3 26. Rd1 Bxf3 27. Qe5 f6 28. Qxe6+ Kh8 29. Bxf8 Rxf8 30. gxf3 Qxd4 31. Qe3 Qxe3 32. fxe3 a5 33. Kf1 f5 34. Rc1 Rd8 35. Ke2 Rd6 36. Rc7 Bg5 37. e4 fxe4 38. Bxe4 Bf4 39. h3 Rd2+ 40. Ke1 Rd6 41. Rb7 Kg8 42. a4 Kf8 43. Ke2 Rd2+ 44. Ke1 Rd6 45. Ke2 Be5 46. Ke3 g5 47. Bf5 Rd1 48. Ke4 Re1+ 49. Kd5 Bf4 50. Bg6 Re5+ 51. Kc4 h4 52. Rxb6 Re3 53. Be4 Re1 54. Ra6 Ke7 55. Rxa5 Rh1 56. Bf5 Rf1 57. Bg4 Kd6 58. Ra6+ Ke5 59. Re6# 1-0


[Site "https://www.chess.com"]

[Event "Titled Tuesday Blitz May 10 Late 2022"]
[White "Riehle, Marco"]
[Black "Babazada, Khazar"]
[WhiteFideId "12904392"]
[BlackFideId "13413554"]
[WhiteElo "2462"]
[BlackElo "2406"]
[Result "1-0"]
[Round "06"]
[TimeControl "180+1"]
[Date "2022.05.10"]
[WhiteClock "0:00:07"]
[BlackClock "0:00:02"]

1. e4 Nf6 2. e5 Nd5 3. Nc3 Nb6 4. d4 d6 5. Nf3 g6 6. Bf4 Bg7 7. Qd2 Bg4 8. O-O-O Bxf3 9. gxf3 dxe5 10. dxe5 Qxd2+ 11. Rxd2 c6 12. Bh3 O-O 13. Rhd1 Na6 14. Bg3 Bh6 15. f4 Nc5 16. Kb1 a5 17. f3 a4 18. a3 Nc4 19. Rd4 b5 20. Ne4 Nxe4 21. fxe4 c5 22. Rd7 b4 23. axb4 cxb4 24. R1d4 Rfc8 25. Rxe7 Rc5 26. e6 a3 27. exf7+ Kf8 28. Re8+ Rxe8 29. fxe8=Q+ Kxe8 30. b3 Ne3 31. Rxb4 Rxc2 32. Ra4 Rb2+ 33. Kc1 Rc2+ 34. Kb1 Rb2+ 35. Kc1 Bf8 36. f5 g5 37. Ra8+ Kf7 38. Ra7+ Ke8 39. Ra8+ Kd7 40. f6+ g4 41. Bxg4+ Nxg4 42. Rxf8 Re2 43. Ra8 Nxf6 44. Rxa3 Nxe4 45. Ra7+ Kc6 46. Rxh7 Kb5 47. Rb7+ Kc5 48. Bf4 Kd4 49. b4 Rf2 50. Bb8 Kc4 51. b5 Rf1+ 52. Kc2 Rf2+ 53. Kd1 Rb2 54. b6 Kd3 55. Rd7+ Ke3 56. b7 Rb1+ 57. Kc2 Rb6 58. Ba7 1-0


[Site "https://www.chess.com"]

[Event "Titled Tuesday Blitz May 10 Late 2022"]
[White "Rorrer, Grayson"]
[Black "Dilmukhametov, Artur"]
[WhiteFideId "30944996"]
[BlackFideId "24179922"]
[WhiteElo "2122"]
[BlackElo "2206"]
[Result "1-0"]
[Round "06"]
[TimeControl "180+1"]
[Date "2022.05.10"]
[WhiteClock "0:02:05"]
[BlackClock "0:01:13"]

1. e4 e6 2. d4 d5 3. Nd2 Nf6 4. e5 Nfd7 5. c3 c5 6. f4 Nc6 7. Ndf3 f5 8. Bd3 cxd4 9. cxd4 h5 10. Ne2 Be7 11. O-O Nb6 12. Kh1 g6 13. a3 Bd7 14. Be3 Kf7 15. Rc1 Rc8 16. Qe1 a6 17. Rc3 Na4 18. Rc2 Na5 19. Rxc8 Bxc8 20. Qd2 Nc4 21. Bxc4 dxc4 22. Qc2 b5 23. Ng5+ Bxg5 24. fxg5 Bb7 25. Nf4 Qxg5 26. d5 Qe7 27. dxe6+ Kg7 28. Qf2 Rd8 29. Qg3 Qe8 30. Nxh5+ Kf8 31. Bh6+ Ke7 32. Qg5+ Kxe6 33. Ng7+ 1-0


[Site "https://www.chess.com"]

[Event "Titled Tuesday Blitz May 10 Late 2022"]
[White "Rosenberg, Evan S"]
[Black "Jegorovas, Aleksandras"]
[WhiteFideId "2019299"]
[BlackFideId "12801950"]
[WhiteElo "2378"]
[BlackElo "2247"]
[Result "0-1"]
[Round "06"]
[TimeControl "180+1"]
[Date "2022.05.11"]
[WhiteClock "0:00:51"]
[BlackClock "0:00:23"]

1. d4 Nf6 2. Nf3 e6 3. c4 Nc6 4. a3 d6 5. Nc3 g6 6. Bg5 Bg7 7. e3 O-O 8. h3 h6 9. Bf4 a6 10. Bh2 Qe8 11. Rc1 e5 12. d5 Nb8 13. Nd2 Nh5 14. Be2 f5 15. Bxh5 gxh5 16. c5 dxc5 17. Nc4 Nd7 18. d6 c6 19. O-O Qg6 20. Kh1 a5 21. Rg1 b5 22. Nd2 Qxd6 23. Qxh5 Nf6 24. Qe2 Ba6 25. b4 axb4 26. axb4 cxb4 27. Ncb1 c5 28. Rgd1 Qe7 29. Nb3 c4 30. Na5 Qe6 31. Qf3 Rad8 32. Rxd8 Rxd8 33. Nc6 Rc8 34. Nxe5 Ne4 35. Qf4 Qxe5 36. Qxe5 Bxe5 37. Bxe5 Nxf2+ 38. Kh2 Nd3 0-1


[Site "https://www.chess.com"]

[Event "Titled Tuesday Blitz May 10 Late 2022"]
[White "Rustemov, Alexander"]
[Black "Zhou, Qiyu"]
[WhiteFideId "4119002"]
[BlackFideId "505161"]
[WhiteElo "2750"]
[BlackElo "1925"]
[Result "1-0"]
[Round "06"]
[TimeControl "180+1"]
[Date "2022.05.10"]
[WhiteClock "0:00:15"]
[BlackClock "0:00:03"]

1. d4 Nf6 2. c4 e6 3. Nf3 b6 4. a3 Ba6 5. Nbd2 d5 6. e3 Be7 7. b4 c5 8. dxc5 bxc5 9. b5 Bb7 10. Bb2 O-O 11. a4 Nbd7 12. Bd3 Bd6 13. O-O Qe7 14. Qc2 h6 15. h3 a5 16. Rfe1 e5 17. cxd5 Nxd5 18. Bh7+ Kh8 19. Be4 Nb4 20. Qc3 Nd5 21. Bxd5 Bxd5 22. e4 Be6 23. Nc4 Bxc4 24. Qxc4 Nb6 25. Qc2 c4 26. Bc3 f6 27. Nh4 Qf7 28. Nf5 Rfd8 29. Red1 Bb4 30. Rxd8+ Rxd8 31. Bxb4 axb4 32. a5 Nc8 33. b6 b3 34. Qb2 Qb7 35. Qc3 Qxe4 36. Ne3 Nd6 37. Rd1 Kh7 38. a6 Nb5 39. Qe1 Rxd1 40. Qxd1 b2 41. b7 b1=Q 42. b8=Q 1-0


[Site "https://www.chess.com"]

[Event "Titled Tuesday Blitz May 10 Late 2022"]
[White "Sadhwani, Raunak"]
[Black "Wagner, Dennis"]
[WhiteFideId "35093487"]
[BlackFideId "24650684"]
[WhiteElo "2616"]
[BlackElo "2355"]
[Result "1-0"]
[Round "06"]
[TimeControl "180+1"]
[Date "2022.05.10"]
[WhiteClock "0:01:37"]
[BlackClock "0:01:29"]

1. d4 Nf6 2. Nf3 d5 3. Bf4 Bf5 4. e3 e6 5. Nbd2 Bd6 6. c3 h6 7. Bg3 O-O 8. Qb3 Qc8 9. Be2 Rd8 10. O-O c5 11. Bxd6 Rxd6 12. Qa3 Nbd7 13. Rac1 Qc7 14. c4 Ra6 15. Qb3 Rb6 16. Qa3 Ra6 17. Qb3 Rb6 18. Qc3 Rc8 19. b3 Bh7 20. Qb2 Rc6 21. cxd5 exd5 22. Bb5 Rb6 23. Bxd7 Nxd7 24. dxc5 Nxc5 25. b4 Qd8 26. Qc3 1-0


[Site "https://www.chess.com"]

[Event "Titled Tuesday Blitz May 10 Late 2022"]
[White "Sailer, Mike"]
[Black "Muradov, Soltan"]
[WhiteFideId "2012901"]
[BlackFideId "14002108"]
[WhiteElo "2109"]
[BlackElo "1854"]
[Result "1/2-1/2"]
[Round "06"]
[TimeControl "180+1"]
[Date "2022.05.11"]
[WhiteClock "0:00:41"]
[BlackClock "0:00:07"]

1. d4 Nf6 2. Nf3 e6 3. Bf4 b6 4. e3 Bb7 5. Be2 d6 6. c4 Nbd7 7. O-O Be7 8. Nc3 Nh5 9. Bg3 Nxg3 10. hxg3 O-O 11. b4 Nf6 12. b5 c5 13. a4 cxd4 14. exd4 Rc8 15. a5 bxa5 16. Qa4 d5 17. c5 Ne4 18. Rfc1 Bf6 19. Qxa5 Qxa5 20. Rxa5 Ra8 21. c6 Bc8 22. b6 Rb8 23. b7 Bxb7 24. cxb7 Rxb7 25. Nxe4 dxe4 26. Ne5 g6 27. Rca1 Ra8 28. Bb5 Rd8 29. Bc6 Rc7 30. Bxe4 Rxd4 31. Bf3 Kg7 32. Nc6 Rd6 33. Nxa7 Bxa1 34. Rxa1 Rd2 1/2-1/2


[Site "https://www.chess.com"]

[Event "Titled Tuesday Blitz May 10 Late 2022"]
[White "Sanchez Alvares, Kelvin Antonio"]
[Black "Romero Ruscalleda, Josep"]
[WhiteFideId "3906680"]
[BlackFideId "2231859"]
[WhiteElo "2193"]
[BlackElo "2294"]
[Result "0-1"]
[Round "06"]
[TimeControl "180+1"]
[Date "2022.05.11"]
[WhiteClock "0:00:05"]
[BlackClock "0:00:03"]

1. d4 g6 2. c4 Bg7 3. Nf3 d6 4. Nc3 Nc6 5. h3 e5 6. d5 Nce7 7. e4 f5 8. Bd3 Nf6 9. Bg5 O-O 10. Qd2 a6 11. a4 Bd7 12. O-O f4 13. c5 h6 14. Bxf6 Bxf6 15. cxd6 cxd6 16. Nh2 h5 17. Be2 Kg7 18. Rfc1 Kh6 19. Qd1 Rc8 20. a5 Qe8 21. Qb3 g5 22. Qxb7 Rb8 23. Qxa6 Rxb2 24. Qxd6 Ng6 25. a6 Be7 26. Qc7 Bd8 27. Qc5 Bb6 28. Qa3 Rxe2 29. Nxe2 f3 30. Nxf3 g4 31. hxg4 hxg4 32. Ng3 gxf3 33. Nf5+ Bxf5 34. exf5 Rxf5 35. Rc6 Ba7 36. Rc7 Qb8 37. Rb7 Bxf2+ 38. Kxf2 fxg2+ 39. Kxg2 Qd8 40. Rh1+ Rh5 41. Rxh5+ Kxh5 42. Qf3+ Kh6 43. Qh3+ Kg5 44. Qg3+ Kh6 45. a7 Qxd5+ 46. Kh3 Qxb7 47. Qe3+ Kg7 48. Kg3 Qa8 49. Qc5 Qb7 50. Qe3 Kf6 51. Kg4 Nf4 52. Kg3 Qg2+ 53. Kh4 Qg5# 0-1


[Site "https://www.chess.com"]

[Event "Titled Tuesday Blitz May 10 Late 2022"]
[White "Sarkar, Justin"]
[Black "Sernecki, Franciszek"]
[WhiteFideId "2010011"]
[BlackFideId "1169297"]
[WhiteElo "2020"]
[BlackElo "2189"]
[Result "1/2-1/2"]
[Round "06"]
[TimeControl "180+1"]
[Date "2022.05.11"]
[WhiteClock "0:00:24"]
[BlackClock "0:00:26"]

1. d4 e6 2. c4 Nf6 3. Nc3 Bb4 4. e3 c5 5. Bd3 Nc6 6. Nf3 d6 7. O-O Bxc3 8. bxc3 e5 9. e4 O-O 10. d5 Ne7 11. Nh4 h6 12. f3 Ng6 13. Nf5 Nf4 14. Bc2 b6 15. g3 Ng6 16. Kg2 Bxf5 17. exf5 Ne7 18. g4 Ne8 19. h4 f6 20. Be4 Nc7 21. a4 a5 22. Be3 Qd7 23. Qd2 Rab8 24. Kf2 Kf7 25. Ke2 Ke8 26. Rfe1 Kd8 27. Red1 Kc8 28. Rdb1 Rb7 29. h5 1/2-1/2


[Site "https://www.chess.com"]

[Event "Titled Tuesday Blitz May 10 Late 2022"]
[White "Shapiro, David"]
[Black "Gaisinsky, Adam"]
[WhiteFideId "24133523"]
[BlackFideId "2620561"]
[WhiteElo "2300"]
[BlackElo "1965"]
[Result "0-1"]
[Round "06"]
[TimeControl "180+1"]
[Date "2022.05.11"]
[WhiteClock "0:00:01"]
[BlackClock "0:00:05"]

1. d4 Nf6 2. Nc3 d5 3. Bf4 Bf5 4. f3 h5 5. e3 e6 6. Bd3 Bxd3 7. Qxd3 Qd7 8. Nge2 Nc6 9. a3 Bd6 10. e4 Bxf4 11. Nxf4 dxe4 12. Nxe4 Nxe4 13. Qxe4 Qxd4 14. Qxd4 Nxd4 15. O-O-O O-O-O 16. Rhe1 h4 17. Nh3 Rh5 18. Re4 Rhd5 19. Kb1 Nf5 20. Rxd5 Rxd5 21. Ng5 Nd6 22. Rg4 Kd7 23. Ne4 Nf5 24. Rg5 h3 25. g4 Nd4 26. Rxg7 Ke7 27. g5 Kf8 28. Rh7 Nxf3 29. Nf6 Rd1+ 30. Ka2 Nxg5 31. Rh5 Nf3 32. Rxh3 Ne5 33. Re3 Nc6 34. h4 Rh1 35. h5 Kg7 36. Ne8+ Kf8 37. Nf6 Ke7 38. Rf3 Nd4 39. Rf2 Nf5 40. Ng8+ Kf8 41. Nf6 Ke7 42. Ng8+ Kf8 43. Nf6 Kg7 44. Ne8+ Kh6 45. Nxc7 Rxh5 46. Nb5 Kg6 47. Nd6 Nxd6 48. Rd2 Nf5 49. Rd7 Rh2 50. c4 Rc2 51. Kb3 Re2 52. Rxb7 Re3+ 53. Kb4 e5 54. c5 e4 55. c6 Re2 56. Kc3 Nd6 57. Rd7 Nb5+ 58. Kb4 Rxb2+ 59. Kc5 Nxa3 60. c7 Rc2+ 61. Kb4 Nb1 0-1


[Site "https://www.chess.com"]

[Event "Titled Tuesday Blitz May 10 Late 2022"]
[White "Sharbaf, Mohsen"]
[Black "Melikhov, Evgeny V."]
[WhiteFideId "12501808"]
[BlackFideId "4122046"]
[WhiteElo "2187"]
[BlackElo "1931"]
[Result "1-0"]
[Round "06"]
[TimeControl "180+1"]
[Date "2022.05.11"]
[WhiteClock "0:01:29"]
[BlackClock "0:00:13"]

1. c4 e5 2. g3 d6 3. Bg2 f5 4. Nc3 Nf6 5. d4 e4 6. Bg5 Be7 7. h4 O-O 8. Nh3 c6 9. e3 Na6 10. Bxf6 Bxf6 11. Nf4 Nc7 12. Qb3 Qe8 13. c5+ d5 14. Qd1 g6 15. Bf1 Ne6 16. Nxe6 Bxe6 17. Be2 Kg7 18. Kf1 h6 19. Kg2 Rh8 20. b4 a6 21. a4 g5 22. hxg5 hxg5 23. Rxh8 Qxh8 24. Qh1 Qxh1+ 25. Rxh1 Rh8 26. Rxh8 Kxh8 27. b5 axb5 28. axb5 f4 29. Bh5 f3+ 30. Kf1 Bd7 31. b6 Kg7 32. g4 Kf8 33. Kg1 Ke7 34. Nb1 Kd8 35. Nd2 Ke7 36. Nf1 Be6 37. Kh2 Bd7 38. Kh3 Kf8 39. Ng3 Kg7 40. Nf5+ Bxf5 41. gxf5 Bd8 42. Be8 Kf6 43. Bd7 Ke7 44. Bc8 Ke8 45. Bxb7 Kd7 46. Kg4 Bf6 47. Kh5 Kd8 48. Kg6 Bxd4 49. exd4 e3 50. fxe3 g4 51. f6 g3 52. f7 1-0


[Site "https://www.chess.com"]

[Event "Titled Tuesday Blitz May 10 Late 2022"]
[White "Shimanov, Aleksandr"]
[Black "Andreikin, Dmitry"]
[WhiteFideId "4198603"]
[BlackFideId "4158814"]
[WhiteElo "2605"]
[BlackElo "2736"]
[Result "0-1"]
[Round "06"]
[TimeControl "180+1"]
[Date "2022.05.10"]
[WhiteClock "0:00:03"]
[BlackClock "0:01:12"]

1. d4 Nf6 2. Nc3 d5 3. Bf4 a6 4. e3 Bf5 5. Bd3 Bg6 6. Nf3 e6 7. Ne5 Nbd7 8. O-O c5 9. dxc5 Bxc5 10. Nxg6 hxg6 11. e4 Nh5 12. Qf3 Qf6 13. Bg3 Nxg3 14. Qxf6 Nxf6 15. hxg3 O-O-O 16. exd5 Rh6 17. Rfd1 exd5 18. Kf1 Re8 19. Ne2 Rh1+ 20. Ng1 Ng4 0-1


[Site "https://www.chess.com"]

[Event "Titled Tuesday Blitz May 10 Late 2022"]
[White "Sjugirov, Sanan"]
[Black "Kamsky, Gata"]
[WhiteFideId "4189302"]
[BlackFideId "2000024"]
[WhiteElo "2602"]
[BlackElo "2645"]
[Result "1-0"]
[Round "06"]
[TimeControl "180+1"]
[Date "2022.05.10"]
[WhiteClock "0:00:16"]
[BlackClock "0:00:21"]

1. Nf3 Nf6 2. c4 g6 3. Nc3 Bg7 4. e4 d6 5. d4 O-O 6. Be2 e5 7. O-O Nc6 8. d5 Ne7 9. b4 Ne8 10. a4 h6 11. a5 f5 12. c5 Nf6 13. Nd2 fxe4 14. Ndxe4 Nxe4 15. Nxe4 Nf5 16. Bb2 Nd4 17. cxd6 cxd6 18. Bxd4 exd4 19. Bd3 a6 20. Rc1 Bf5 21. Ng3 Bxd3 22. Qxd3 Qg5 23. Rc7 Rf7 24. Rxf7 Kxf7 25. f4 Qe7 26. Ne4 Re8 27. Re1 Qc7 28. f5 Re5 29. fxg6+ Kg8 30. Rf1 Qd7 31. h3 Kh8 32. Qf3 Qe8 33. Nxd6 1-0


[Site "https://www.chess.com"]

[Event "Titled Tuesday Blitz May 10 Late 2022"]
[White "Skliarov, Viktor"]
[Black "Svane, Frederik"]
[WhiteFideId "14106736"]
[BlackFideId "12923044"]
[WhiteElo "2229"]
[BlackElo "2459"]
[Result "0-1"]
[Round "06"]
[TimeControl "180+1"]
[Date "2022.05.10"]
[WhiteClock "0:00:02"]
[BlackClock "0:00:27"]

1. e4 e5 2. Nc3 Nc6 3. Bc4 Nf6 4. d3 Bc5 5. a3 a6 6. h3 d6 7. Nge2 O-O 8. Ng3 Ne7 9. Bg5 c6 10. Bxf6 gxf6 11. Qf3 Ng6 12. Nh5 Kh8 13. Qxf6+ Qxf6 14. Nxf6 Nh4 15. g4 Kg7 16. Nh5+ Kh6 17. Ng3 Kg5 18. Nf5 Be6 19. Nxh4 Kxh4 20. Ke2 Rad8 21. Raf1 d5 22. Bb3 Bd4 23. Nd1 Rg8 24. f3 Kg5 25. h4+ Kf4 26. g5 h6 27. c3 Bb6 28. Bc2 hxg5 29. h5 Rh8 30. Nf2 Bxf2 31. Rxf2 Rh6 32. Rfh2 dxe4 33. fxe4 g4 34. Rf1+ Kg5 35. Ke3 Rdh8 36. d4 Rxh5 37. Rxh5+ Rxh5 38. d5 cxd5 39. exd5 Bxd5 40. Rf5+ Kh4 41. Rxh5+ Kxh5 42. b3 Kg5 43. c4 Be6 44. b4 Bxc4 45. Be4 b6 0-1


[Site "https://www.chess.com"]

[Event "Titled Tuesday Blitz May 10 Late 2022"]
[White "Souleidis, Georgios"]
[Black "Koridze, Lile"]
[WhiteFideId "4206827"]
[BlackFideId "13612514"]
[WhiteElo "2401"]
[BlackElo "2050"]
[Result "1-0"]
[Round "06"]
[TimeControl "180+1"]
[Date "2022.05.11"]
[WhiteClock "0:00:15"]
[BlackClock "0:01:15"]

1. e4 c5 2. Be2 a6 3. f4 Nc6 4. d3 e6 5. Nh3 d5 6. O-O Nf6 7. e5 Ng8 8. c3 Nge7 9. Na3 Nf5 10. Nc2 g6 11. Ne3 Nxe3 12. Bxe3 Bg7 13. d4 c4 14. b3 b5 15. a4 Bd7 16. bxc4 bxc4 17. Bc1 Qa5 18. Qc2 O-O 19. Ba3 Rfc8 20. Nf2 Rab8 21. Rfb1 Qd8 22. Bd6 Rxb1+ 23. Rxb1 Na5 24. Bd1 Nb3 25. Qa2 Qa5 26. Bxb3 cxb3 27. Qxb3 Bxa4 28. Qa3 h5 29. Bb4 Qb5 30. Ra1 Bc2 31. Qxa6 Qe8 32. Qb7 Rb8 33. Qc7 Rc8 34. Qb7 Rb8 35. Qa7 Rc8 36. Nh3 Bh6 37. Ng5 Bxg5 38. fxg5 Qd8 39. h4 Qe8 40. Kh2 Bf5 41. Bc5 Qb5 42. Qe7 Re8 43. Qf6 Rb8 44. Ra7 Rb7 45. Ra8+ Rb8 46. Ra7 Rb7 47. Qd8+ Kh7 48. Ra8 1-0


[Site "https://www.chess.com"]